 Dungeon Crawl Stone Soup version 0.29-a0-925-g0a7a3d12f8 (webtiles) character file.

Game seed: 16246134704090566456

80 Sabo the Conjurer (level 4, -5/33 HPs)
             Began as a Draconian Conjurer on July 28, 2022.
             Was a Follower of Sif Muna.
             Slain by Terence
             ... wielding a +0 flail
              (9 damage)
             ... on level 2 of the Dungeon.
             The game lasted 00:11:34 (2226 turns).

Sabo the Conjurer (Draconian Conjurer)              Turns: 2226, Time: 00:11:36

Health: -5/33      AC:  5    Str:  9    XL:     4   Next: 18%
Magic:  1/7        EV: 12    Int: 21    God:    Sif Muna [*.....]
Gold:   108        SH:  0    Dex:  9    Spells: 4/7 levels left

rFire   . . .      SeeInvis .   c - +0 hand axe
rCold   . . .      Faith    .   (no shield)
rNeg    . . .      Spirit   .   (body armour unavailable)
rPois   .          Reflect  .   (helmet restricted)
rElec   .          Harm     .   (no cloak)
rCorr   .          Rampage  .   (no gloves)
Will    .....                   (no boots)
Stlth   ++........              (no amulet)
HPRegen 0.11/turn               h - ring of wizardry
MPRegen 0.10/turn               (no ring)

@: no status effects
A: AC +5, unfitting armour, cold-blooded
a: Renounce Religion, Channel Magic


You were on level 2 of the Dungeon.
You worshipped Sif Muna.
Sif Muna was aware of your devotion.
You visited 1 branch of the dungeon, and saw 2 of its levels.

You collected 108 gold pieces.

Inventory:

Hand Weapons
 c - a +0 hand axe (weapon)
Jewellery
 h - a ring of wizardry (left hand)
Wands
 k - a wand of flame (29)
Scrolls
 b - a scroll of enchant weapon {unknown}
 e - a scroll of noise {unknown}
 f - 2 scrolls of poison {unknown}
 j - a scroll of butterflies {unknown}
 l - a scroll of teleportation {unknown}
 o - a scroll of fear {unknown}
Potions
 a - a potion of magic
 d - 2 potions of flight {unknown}
 g - a potion of curing {unknown}
 i - 2 potions of brilliance {unknown}
 m - a potion of degeneration {unknown}
 n - a potion of mutation {unknown}


   Skills:
 + Level 0.2 Axes
 + Level 2.1 Dodging
 + Level 2.0 Stealth
 + Level 2.4 Spellcasting
 + Level 5.1 Conjurations


You had 4 spell levels left.
You knew the following spells:

 Your Spells              Type           Power      Damage    Failure   Level
a - Magic Dart            Conj           96%        1d7       1%          1
b - Searing Ray           Conj           48%        2d6       1%          2

Your spell library contained the following spells:

 Spells                   Type           Power      Damage    Failure   Level
 Summon Small Mammal      Summ           8%         N/A       6%          1
 Dazzling Flash           Conj/Hex       26%        N/A       6%          3
 Call Canine Familiar     Summ           2%         N/A       16%         3
 Summon Guardian Golem    Hex/Summ       2%         N/A       16%         3
 Fulminant Prism          Conj/Hex       6%         3d7       19%         4
 Iskenderun's Mystic Bla  Conj/Tloc      13%        2d5       19%         4


Dungeon Overview and Level Annotations

Branches:
Dungeon (2/15)

Altars:
Sif Muna

Annotations:
D:2 Terence


Innate Abilities, Weirdness & Mutations

Your plain brown scales are hard. (AC +5)
You cannot fit into any form of body armour.
You are cold-blooded and may be slowed by cold attacks.


Message History

Terence shouts! (Press . to maintain the ray.)
The searing ray hits Terence but does no damage.
Terence is moderately wounded.
The searing ray hits Terence!
Terence is severely wounded.
The searing ray hits Terence but does no damage.
Terence is severely wounded.
You finish channelling your searing ray.
Terence hits you with a +0 flail. Terence misses you.
Terence hits you with a +0 flail. Terence barely misses you.
You hit Terence.
Terence is severely wounded.
Terence hits you with a +0 flail. x2
You barely miss Terence.
Terence is severely wounded.
Terence hits you with a +0 flail.
You hit Terence.
Terence is almost dead.
Terence hits you with a +0 flail!
* * * LOW HITPOINT WARNING * * *
You barely miss Terence.
Your tail-slap misses Terence.
Terence is almost dead.
Terence barely misses you. Terence misses you.
You barely miss Terence.
Terence is almost dead.
Terence says, "Rest in peace."
Terence barely misses you. Terence misses you.
Casting: Searing Ray (safe; 1% risk of failure)
Confirm with . or Enter, or press ? or * to list all spells.
Aiming: Searing Ray (safe; 1% risk of failure)
Press: ? - help, Shift-Dir - straight line, f/p - Terence
Aim: Terence, wielding a +0 flail and wearing a +0 chain mail (almost dead, 85% to hit)
The searing ray misses Terence. (Press . to maintain the ray.) Terence hits you with a +0 flail!
You die...

########
#......#
##......#
.......$#
......# ....
#@#######
#.@.....### ##
#######...####
#. #####....# #.
#.......## #.
.......#.## ##
##.###.#..###
### #
#.##...###..
.....#.. #.
#..###......
#..#...##
#.####.#####....


You could see Terence.

Vanquished Creatures
  Jessica (D:1)
  An adder (D:2)
  A worm (D:2)
  2 dart slugs (D:1)
  4 endoplasms
  3 giant cockroaches
  2 goblins
  3 hobgoblins (D:2)
  3 jackals (D:2)
  A quokka (D:1)
  8 ball pythons
  A bat (D:2)
  2 frilled lizards (D:1)
  A kobold (D:2)
  4 rats (D:1)
37 creatures vanquished.

Notes
Turn   | Place    | Note
-------+----------+-------------------------------------------
     0 | D:1      | Sabo the Draconian Conjurer began the quest for the Orb.
     0 | D:1      | Reached XP level 1. HP: 14/14 MP: 3/3
   356 | D:1      | Reached XP level 2. HP: 16/20 MP: 0/5
  1347 | D:2      | Noticed Jessica
  1352 | D:1      | Killed Jessica
  1353 | D:1      | Reached XP level 3. HP: 26/26 MP: 2/6
  1440 | D:2      | Reached skill level 5 in Conjurations
  1721 | D:2      | Reached XP level 4. HP: 33/33 MP: 1/7
  1907 | D:2      | Found a faded altar of an unknown god.
  1911 | D:2      | Prayed at the altar of an unknown god.
  1911 | D:2      | Became a worshipper of Sif Muna the Loreminder
  1911 | D:2      | Reached * piety under Sif Muna
  2185 | D:2      | Learned a level 2 spell: Searing Ray
  2210 | D:2      | Noticed Terence
  2226 | D:2      | Slain by Terence

Illustrated notes

Levels and vault maps discovered:
D:1:      onia_arrival_handbag, layout_loops_ring,
          chequers_serial_rivers_micro_c, hex_medium,
          minmay_misc_feat_four_crosses
D:2:      layout_rooms, hellmonk_ecumenical_altar_heavens_door,
          nicolae_underground_beach, uniq_jessica, uniq_terence

Skill      XL: |  1  2  3 |
---------------+----------+-----
Dodging        | 2 |  2.1
Stealth        | 2 |  2.0
Conjurations   | 5 |  5.1
Axes           | |  0.2
Spellcasting   | |  2.4

Action                   |  1- 3 |  4- 6 || total
-------------------------+-------+-------++-------
Melee: Dagger            |     1 |       ||     1
       Tailslap          |     1 |       ||     1
       Hand axe          |    16 |     6 ||    22
       Short sword       |     2 |       ||     2
 Cast: Magic Dart        |    55 |    13 ||    68
       Searing Ray       |       |     2 ||     2
Armor: Skin              |     9 |     1 ||    10
Dodge: Dodged            |    13 |     8 ||    21

Table legend: (Time is in decaauts)
 A = Elapsed time spent in this place.
 B = Non-inter-level travel time spent in this place.
 C = Inter-level travel time spent in this place.
 D = Time resting spent in this place.
 E = Time spent auto-exploring this place.
 F = Levels seen in this place.
 G = Mean time per level.
                   A        B        C        D        E       F      G
               +--------+--------+--------+--------+--------+-----+--------+
         Total |   2238 |   2238 |      0 |   1065 |      0 |   2 | 1119.0 |
       Dungeon |   2238 |   2238 |      0 |   1065 |      0 |   2 | 1119.0 |
               +--------+--------+--------+--------+--------+-----+--------+

Top non-repeatable levels by time:
     D:1: 1389 daAuts
     D:2: 848 daAuts
